 Dungeon Crawl Stone Soup version 0.23.1 (webtiles) character file.

Game seed: 12607815040173135797

214 Devinter the Stinger (level 5, -4/42 HPs)
             Began as a Draconian Venom Mage on Mar 7, 2019.
             Slain by an orc wizard
             ... wielding a +2 dagger of holy wrath
              (5 damage)
             ... on level 3 of the Dungeon.
             The game lasted 00:21:26 (2452 turns).

Devinter the Stinger (Draconian Venom Mage)         Turns: 2452, Time: 00:21:26

Health: -4/42      AC:  5    Str: 11    XL:     5   Next: 60%
Magic:  1/9        EV: 12    Int: 16    God:
Gold:   116        SH:  0    Dex: 11    Spells: 4/10 levels left

rFire    . . .     SeeInvis .   u - +0 morningstar
rCold    . . .     Gourm    +   (no shield)
rNeg     . . .     Faith    .   (armour unavailable)
rPois    .         Spirit   .   (helmet restricted)
rElec    .         Reflect  .   (no cloak)
rCorr    .         Harm     .   (no gloves)
MR       .....                  (no boots)
Stlth    ++........             n - amulet of the gourmand
HPRegen  0.14/turn              (no ring)
MPRegen  0.11/turn              (no ring)

@: very slightly contaminated
A: unfitting armour, cold-blooded, AC +5
a: no special abilities


You were on level 3 of the Dungeon.
You were not hungry.

You visited 1 branch of the dungeon, and saw 4 of its levels.

You collected 116 gold pieces.

Inventory:

Hand Weapons
 a - a +0 whip
 d - a +0 dagger of speed
 h - a +0 hunting sling
 r - a +0 quarterstaff
 u - a +0 morningstar (weapon)
Missiles
 c - 98 stones (quivered)
 e - 30 bolts
Jewellery
 n - an amulet of the gourmand (around neck)
Wands
 o - a wand of disintegration (12)
Scrolls
 f - 2 scrolls of blinking {unknown}
 g - 3 scrolls of teleportation {unknown}
 i - 2 scrolls of remove curse {unknown}
 k - a scroll of enchant armour {unknown}
 l - 4 scrolls of identify {unknown}
 m - a scroll of fear {unknown}
 p - a scroll of magic mapping {unknown}
Potions
 j - 2 potions of might
 q - a potion of brilliance {unknown}
 s - a potion of berserk rage
 t - a potion of magic {unknown}
Comestibles
 b - 6 rations


   Skills:
 + Level 2.7 Fighting
 - Level 2.0 Dodging
 - Level 2.0 Stealth
 - Level 3.0 Spellcasting
 + Level 2.7 Conjurations
 + Level 4.1 Poison Magic


You had 4 spell levels left.
You knew the following spells:

 Your Spells              Type           Power        Failure   Level  Hunger
a - Sting                 Conj/Pois      ##..         4%          1    #......
b - Poisonous Vapours     Pois/Air       #.....       12%         2    ##.....
c - Mephitic Cloud        Conj/Pois/Air  #.......     22%         3    ###....

Your spell library contained the following spells:

 Spells                   Type           Power        Failure   Level  Hunger
 Olgreb's Toxic Radiance  Pois           ###.....     34%         4    #####..
 Venom Bolt               Conj/Pois      ##........   77%         5    ######.


Dungeon Overview and Level Annotations

Branches:
Dungeon (4/15)
 Temple: D:4-7

Altars:
Cheibriados
Makhleb


Innate Abilities, Weirdness & Mutations

Your plain brown scales are hard. (AC +5)
You cannot fit into any form of body armour.
You are cold-blooded and may be slowed by cold attacks.


Message History

You barely miss the orc wizard.
The orc wizard is lightly wounded.
The orc wizard gestures at you while chanting.
The magic dart hits you.
* * * LOW HITPOINT WARNING * * *
The orc hits you with a +0 mace.
* * * LOW HITPOINT WARNING * * *
The orc closely misses you. The orc wizard closely misses you.
The orc hits you with a +0 mace.
* * * LOW HITPOINT WARNING * * *
Casting: Sting (safe; 4% risk of failure)
Confirm with . or Enter, or press ? or * to list all spells.
Aiming: Sting (safe; 4% risk of failure)
Press: ? - help, Shift-Dir - straight line, f/p - orc wizard
Aim: an orc wizard, wielding a +2 dagger of holy wrath and wearing a +0 robe (moderately wounded, fast, poisoned)
The sting misses the orc wizard.
* * * LOW MAGIC WARNING * * *
The orc wizard barely misses you. The orc barely misses you.
The orc wizard hits you with a +2 dagger of holy wrath.
You die...

########### #
#.........# #
#.#######.#####
#.#######.#...#
####.#.....#......
#@oo..............
#oo...............
#####..)...###...#
#.............
#.............
##............
#.....†......
#............
#............


You could see an orc wizard and 3 orcs.

Vanquished Creatures
  A scorpion (D:3)
  A hound (D:3)
  A worker ant (D:2)
  4 adders (D:2)
  3 worms
  2 leopard geckos (D:2)
  7 orcs
  A ball python (D:2)
  2 giant cockroaches
  7 goblins
  7 hobgoblins
  10 kobolds
  A quokka (D:3)
  12 bats
  2 frilled lizards
  7 rats
68 creatures vanquished.

Notes
Turn   | Place    | Note
-------+----------+-------------------------------------------
     0 | D:1      | Devinter the Draconian Venom Mage began the quest for the
                  | Orb.
     0 | D:1      | Reached XP level 1. HP: 14/14 MP: 3/3
   189 | D:1      | Reached skill level 2 in Stealth
   189 | D:1      | Reached XP level 2. HP: 22/22 MP: 3/5
   297 | D:1      | Reached skill level 2 in Dodging
   459 | D:1      | Learned a level 2 spell: Poisonous Vapours
   538 | D:2      | Reached skill level 1 in Fighting
   538 | D:2      | Reached XP level 3. HP: 28/28 MP: 1/6
   559 | D:2      | Learned a level 3 spell: Mephitic Cloud
   672 | D:2      | HP: 2/28 [poisoned by an adder]
  1182 | D:2      | Reached XP level 4. HP: 36/36 MP: 2/7
  1196 | D:2      | Reached skill level 2 in Conjurations
  1213 | D:2      | HP: 3/36 [poisoned by a worker ant]
  1218 | D:2      | HP: 2/36 [poisoned by a worker ant]
  1224 | D:2      | HP: 1/36 [poisoned by a worker ant]
  1640 | D:2      | Reached skill level 2 in Fighting
  2064 | D:3      | Found a snail-covered altar of Cheibriados.
  2087 | D:3      | Reached XP level 5. HP: 37/42 MP: 4/9
  2134 | D:3      | Found a burning altar of Makhleb.
  2141 | D:3      | Reached skill level 3 in Spellcasting
  2141 | D:3      | Reached skill level 4 in Poison Magic
  2451 | D:3      | HP: 4/42 [orc/+0 mace (5)]
  2451 | D:3      | HP: 1/42 [orc/+0 mace (3)]
  2452 | D:3      | Slain by an orc wizard

Skill      XL: |  1  2  3  4  5 |
---------------+----------------+-----
Stealth        | 2 |  2.0
Dodging        | 2 |  2.0
Fighting       | 1 2 |  2.7
Conjurations   | 2 |  2.7
Spellcasting   | 3 |  3.0
Poison Magic   | 4 |  4.1

Action                   |  1- 3 |  4- 6 || total
-------------------------+-------+-------++-------
Melee: Whip              |    54 |    41 ||    95
       Tailslap          |     7 |     5 ||    12
       Unarmed           |     2 |       ||     2
       Morningstar       |       |     9 ||     9
 Cast: Sting             |    54 |    63 ||   117
  Use: Potion            |       |     3 ||     3
 Stab: Sleeping          |     3 |       ||     3
  Eat: Chunk             |     2 |     4 ||     6
Armor: Skin              |    21 |    24 ||    45
Dodge: Dodged            |    53 |    49 ||   102
